 Dungeon Crawl Stone Soup version 0.28-a0-1087-gf3fc490d9d (webtiles) character file.

Game seed: 16304954088871879243

6736 bearlyready the Destroyer (level 10, -4/53 HPs)
             Began as a Deep Elf Conjurer on Dec 10, 2021.
             Was a Believer of Vehumet.
             Shot with an arrow by a centaur warrior (16 damage)
             ... on level 9 of the Dungeon.
             The game lasted 00:24:56 (11741 turns).

bearlyready the Destroyer (Deep Elf Conjurer)      Turns: 11741, Time: 00:24:57

Health: -4/53      AC:  8    Str:  4    XL:     10   Next: 75%
Magic:  26/36      EV: 17    Int: 28    God:    Vehumet [**....]
Gold:   384        SH:  0    Dex: 13    Spells: 19/31 levels left

rFire   . . .      SeeInvis .   I - +3 whip (elec)
rCold   . . .      Faith    .   (no shield)
rNeg    . . .      Spirit   .   W - +0 steam dragon scales
rPois   .          Reflect  .   H - +0 helmet
rElec   .          Harm     .   A - scarf {shadows}
rCorr   .          Rampage  .   (no gloves)
Will    +....                   j - +1 pair of boots
Stlth   ++........              E - amulet of the acrobat
HPRegen 0.17/turn               d - ring of magical power
MPRegen 0.25/turn               N - +4 ring of evasion

@: no status effects
A: no striking features
a: Renounce Religion


You were on level 9 of the Dungeon.
You worshipped Vehumet.
Vehumet was pleased with you.
You visited 2 branches of the dungeon, and saw 10 of its levels.

You collected 423 gold pieces.
You spent 39 gold pieces at shops.

Inventory:

Hand Weapons
 y - a +1 whip of pain
 I - a +3 whip of electrocution (weapon)
 U - a +2 whip of freezing
 Z - a +5 dagger of draining
Missiles
 b - a throwing net
Armour
 g - +0 acid dragon scales
 j - a +1 pair of boots (worn)
 n - a +1 cloak
 w - a +2 leather armour of fire resistance
 A - a scarf of shadows (worn)
 B - a +2 robe of willpower
 G - a +0 tower shield
 H - a +0 helmet (worn)
 R - a +0 kite shield
 W - +0 steam dragon scales (worn)
Jewellery
 d - a ring of magical power (left hand)
 p - a ring of ice
 u - a ring of wizardry
 E - an amulet of the acrobat (around neck)
 N - a +4 ring of evasion (right hand)
 S - a +4 ring of protection
Wands
 K - a wand of digging (7)
 T - a wand of polymorph (9)
 X - a wand of iceblast (4)
 Y - a wand of flame (20)
Scrolls
 a - a scroll of summoning
 f - a scroll of identify
 h - 3 scrolls of vulnerability
 i - a scroll of silence {unknown}
 k - a scroll of acquirement {unknown}
 o - 4 scrolls of amnesia
 q - a scroll of enchant armour {unknown}
 r - a scroll of fear {unknown}
 x - 2 scrolls of magic mapping
 L - a scroll of torment {unknown}
 O - 3 scrolls of enchant weapon
 P - 3 scrolls of teleportation {unknown}
 Q - a scroll of holy word {unknown}
 V - 3 scrolls of fog {unknown}
Potions
 c - 2 potions of attraction {unknown}
 e - a potion of ambrosia {unknown}
 l - a potion of invisibility {unknown}
 m - a potion of flight {unknown}
 s - 5 potions of mutation
 t - a potion of berserk rage {unknown}
 v - 2 potions of might {unknown}
 C - 3 potions of curing
 D - 2 potions of degeneration {unknown}
 F - 3 potions of lignification {unknown}
 J - a potion of cancellation {unknown}


   Skills:
 - Level 2.0 Fighting
 - Level 2.0 Maces & Flails
 + Level 5.0 Dodging
 - Level 2.4 Stealth
 - Level 11.0 Spellcasting
 + Level 12.7 Conjurations
 + Level 9.8 Hexes


You had 19 spell levels left.
You knew the following spells:

 Your Spells              Type           Power      Damage    Failure   Level
a - Magic Dart            Conj           100%       1d8       1%          1
b - Searing Ray           Conj           100%       2d8       1%          2
c - Fulminant Prism       Conj/Hex       34%        3d16      1%          4
d - Apportation           Tloc           30%        N/A       3%          1
e - Animate Skeleton      Necr           30%        N/A       3%          1
f - Dazzling Flash        Conj/Hex       100%       N/A       1%          3

Your spell library contained the following spells:

 Spells                   Type           Power      Damage    Failure   Level
 Scorch                   Fire           30%        2d6       5%          2
 Tukima's Dance           Hex            63%        N/A       1%          3
 Iskenderun's Mystic Bla  Conj/Tloc      50%        2d11      2%          4
 Summon Small Mammal      Summ           60%        N/A       3%          1
 Sublimation of Blood     Necr           15%        N/A       5%          2
 Wereblood                Tmut           15%        N/A       5%          2
 Yara's Violent Unravell  Hex/Tmut       21%        3d10      14%         5
 Passage of Golubria      Tloc           15%        N/A       34%         4
 Summon Hydra             Summ           7%         N/A       100%        7


Dungeon Overview and Level Annotations

Branches:
Dungeon (9/15)             Temple (1/1) D:6
   Lair: D:8-11         Orc: D:9-12

Altars:
Ashenzari
Cheibriados
Dithmenos
Elyvilon
Fedhas
Gozag
Hepliaklqana
Kikubaaqudgha
Makhleb
Nemelex Xobeh
Okawaru
Qazlal
Ru
Sif Muna
Trog
Uskayaw
Vehumet
Wu Jian
Xom
Yredelemnul
Zin
The Shining One

Shops:
D:3 *


Message History

Aiming: Searing Ray (safe; 1% risk of failure)
Press: ? - help, Shift-Dir - straight line, f - killer bee
Aim: a killer bee (65% to hit)
The searing ray hits the centaur warrior!
The centaur warrior is lightly wounded.
The searing ray hits the killer bee!
The killer bee is moderately wounded. (Press . to maintain the ray.)
The centaur warrior shoots an arrow.
The arrow hits you!!
The centaur warrior shoots an arrow.
The arrow closely misses you.
Your fulminant prism explodes!
The blast of energy engulfs the centaur warrior!!
The centaur warrior is heavily wounded.
The blast of energy engulfs the killer bee!
You kill the killer bee!
Vehumet accepts your kill.
You hear an angry buzzing noise.
Your Dodging skill increases to level 5!
The searing ray hits the centaur warrior.
The centaur warrior is heavily wounded.
The centaur warrior shoots an arrow.
The arrow misses you.
The searing ray hits the centaur warrior!
The centaur warrior is severely wounded.
The centaur warrior shoots an arrow.
The arrow completely misses you.
The centaur warrior shoots an arrow.
The arrow hits you!
* * * LOW HITPOINT WARNING * * *
The searing ray hits the centaur warrior but does no damage.
The centaur warrior is severely wounded.
You finish channelling your searing ray.
The centaur warrior shoots an arrow.
The arrow misses you.
Casting: Searing Ray (safe; 1% risk of failure)
Confirm with . or Enter, or press ? or * to list all spells.
Aiming: Searing Ray (safe; 1% risk of failure)
Press: ? - help, Shift-Dir - straight line, f - centaur warrior
Aim: a centaur warrior, wielding a +0 shortbow and quivering arrows (severely wounded, 87% to hit)
The searing ray hits the centaur warrior!
The centaur warrior is almost dead. (Press . to maintain the ray.)
The centaur warrior shoots an arrow.
The arrow hits you!
You die...

##########
#........# ######
#.######.#
......####.######.#
#..@.c†.....#.#
######.##.....######
#...#.....))....
###...#......)....
#...........######
#)..........#
#.......#.###
........###.#
.........#
#.########


You could see a centaur warrior.

Vanquished Creatures
  Pikel (D:5)
  Maurice (D:8)
  Maggie (D:6)
  Grinder (D:4)
  Prince Ribbit (D:5)
  A wyvern (D:7)
  4 yaks (D:8)
  Eustachio (D:5)
  A steam dragon (D:8)
  Menkaure (D:5)
  An acid dragon (D:8)
  2 water moccasins
  Duvessa (D:5)
  3 orc warriors
  A black bear (D:8)
  3 ice beasts
  A sky beast (D:6)
  A necrophage (D:4)
  3 ogres (D:4)
  2 centaurs (D:9)
  A hornet zombie (D:6)
  4 lemures (D:5)
  A phantom (D:4)
  Blork the orc (D:5)
  2 kobold brigands (D:7)
  A bullfrog (D:9)
  3 gnoll sergeants (D:8)
  A scorpion (D:7)
  A wyvern zombie (D:8)
  Dowan (D:5)
  8 killer bees (D:9)
  3 howler monkeys
  2 centaur zombies
  4 hounds
  6 orc priests
  A centaur skeleton (D:5)
  3 bullfrog skeletons (D:6)
  Terence (D:3)
  Jessica (D:3)
  5 iguanas
  10 orc wizards
  A killer bee zombie (D:6)
  Robin (D:3)
  2 howler monkey zombies
  15 gnolls
  2 howler monkey skeletons
  6 adders
  A shadow imp (D:7)
  3 white imps (D:7)
  An ufetubus (D:6)
  A worm (D:2)
  2 dart slugs
  25 orcs
  3 endoplasms
  2 giant cockroaches
  25 goblins
  7 hobgoblins
  10 jackals
  2 quokkas (D:3)
  5 ball pythons
  5 bats (D:1)
  2 frilled lizards
  12 kobolds
  4 rats
228 creatures vanquished.

Vanquished Creatures (others)
  47 fulminant prisms
  7 plants (D:3)
54 creatures vanquished.

Grand Total: 282 creatures vanquished

Notes
Turn   | Place    | Note
-------+----------+-------------------------------------------
     0 | D:1      | bearlyready the Deep Elf Conjurer began the quest for the
                  | Orb.
     0 | D:1      | Reached XP level 1. HP: 10/10 MP: 6/6
   122 | D:1      | Reached XP level 2. HP: 5/15 MP: 1/8
   130 | D:1      | Learned a level 2 spell: Searing Ray
   366 | D:1      | Reached skill level 5 in Conjurations
  1225 | D:2      | Reached XP level 3. HP: 19/19 MP: 5/9
  1651 | D:2      | Reached skill level 6 in Conjurations
  2273 | D:3      | Reached XP level 4. HP: 24/24 MP: 10/10
  2288 | D:3      | Learned a level 4 spell: Fulminant Prism
  2323 | D:3      | Reached skill level 1 in Hexes
  2365 | D:3      | Noticed Terence
  2383 | D:3      | Killed Terence
  2468 | D:3      | Reached XP level 5. HP: 24/28 MP: 11/11
  2841 | D:3      | Noticed Jessica
  2844 | D:3      | Killed Jessica
  2943 | D:3      | Found Nouxt's General Store.
  2952 | D:3      | Bought a potion of curing for 39 gold pieces
  3276 | D:3      | Found a faded altar of an unknown god.
  3311 | D:3      | Reached XP level 6. HP: 32/32 MP: 12/12
  3503 | D:3      | Noticed Robin
  3513 | D:3      | Killed Robin
  3880 | D:4      | Reached skill level 7 in Conjurations
  3880 | D:4      | Reached skill level 5 in Hexes
  4068 | D:4      | Noticed an orc warrior
  4131 | D:4      | Killed an orc warrior
  4132 | D:4      | Reached skill level 1 in Maces & Flails
  4132 | D:4      | Reached XP level 7. HP: 36/36 MP: 10/13
  4572 | D:4      | Noticed Grinder
  4583 | D:4      | Killed Grinder
  4763 | D:4      | Reached skill level 1 in Fighting
  4763 | D:4      | Reached skill level 8 in Conjurations
  4763 | D:4      | Reached XP level 8. HP: 40/43 MP: 15/15
  5242 | D:5      | Entered Level 5 of the Dungeon
  5242 | D:5      | Noticed Blork the orc
  5247 | D:5      | Killed Blork the orc
  5457 | D:5      | Noticed Prince Ribbit
  5463 | D:5      | Killed Prince Ribbit
  5464 | D:5      | Reached skill level 5 in Spellcasting
  5470 | D:5      | Noticed Eustachio
  5476 | D:5      | Killed Eustachio
  5477 | D:5      | Reached skill level 9 in Conjurations
  5481 | D:5      | Noticed Menkaure
  5611 | D:5      | Noticed Dowan
  5612 | D:5      | Noticed Duvessa
  5620 | D:5      | Killed Duvessa
  5623 | D:5      | Killed Dowan
  5891 | D:5      | Killed Menkaure
  5892 | D:5      | Reached XP level 9. HP: 48/48 MP: 20/22
  6025 | D:5      | Noticed Pikel
  6048 | D:5      | Killed Pikel
  6049 | D:5      | Reached skill level 10 in Conjurations
  6729 | D:6      | Learned a level 1 spell: Apportation
  6731 | D:6      | Learned a level 1 spell: Animate Skeleton
  6735 | D:6      | Learned a level 3 spell: Dazzling Flash
  6830 | D:6      | Found a staircase to the Ecumenical Temple.
  6836 | D:6      | Noticed Maggie
  6857 | D:6      | Killed Maggie
  7257 | Temple   | Entered the Ecumenical Temple
  7540 | Temple   | Became a worshipper of Vehumet
  7642 | D:6      | Found a broken altar of Ashenzari.
  7803 | D:6      | Reached skill level 11 in Conjurations
  7836 | D:6      | Reached skill level 10 in Spellcasting
  8641 | D:7      | Reached XP level 10. HP: 44/53 MP: 26/26
  9286 | D:8      | Identified the +0 ring mail of Integrity {rF+}
  9293 | D:8      | Noticed Maurice
  9308 | D:8      | Killed Maurice
  9434 | D:8      | Reached * piety under Vehumet
  9434 | D:8      | Offered knowledge of Foxfire by Vehumet.
  9435 | D:8      | Reached skill level 12 in Conjurations
 11473 | D:9      | Reached ** piety under Vehumet
 11473 | D:9      | Offered knowledge of Scorch by Vehumet.
 11734 | D:9      | Noticed a centaur warrior
 11738 | D:9      | Reached skill level 5 in Dodging
 11741 | D:9      | Shot with an arrow by a centaur warrior

Illustrated notes

Levels and vault maps discovered:
D:1:      lightli_iron_boxes, layout_basic
D:2:      layout_basic, nrook_mini_vaults
D:3:      kennysheep_goblin_castle, layout_basic,
          chequers_ecumenical_altar_lobes, serial_shops, nicolae_lakefront_shop,
          uniq_terence, uniq_jessica
D:4:      layout_basic, kennysheep_boxes, uniq_grinder
D:5:      layout_loops_ring, uniq_eustachio, uniq_menkaure, uniq_blork_the_orc,
          uniq_prince_ribbit1, uniq_duvessa, uniq_pikel
D:6:      layout_loops_ring, evilmike_ruin_ashenzari,
          minmay_temple_entry_slanted, uniq_maggie
D:7:      layout_loops_ring, minmay_fractal_squares_gapless_5
D:8:      layout_loops_corners, uniq_maurice
D:9:      minmay_shrinking_squares, layout_loops_ring
Temple:   mainiacjoe_temple_archimedes_tessellation

Skill      XL: |  1  2  3  4  5  6  7  8  9 10 |
---------------+-------------------------------+-----
Conjurations   | 5 6 7 8 9 11 12 | 12.7
Hexes          | 2 4 6 7 9 |  9.8
Maces & Flails | 1 2 |  2.0
Fighting       | 1 2 |  2.0
Spellcasting   | 7 10 11 | 11.0
Dodging        | 5 |  5.0
Stealth        | |  2.4

Action                   |  1- 3 |  4- 6 |  7- 9 | 10-12 || total
-------------------------+-------+-------+-------+-------++-------
Melee: Falchion          |     4 |       |       |       ||     4
       Unarmed           |     1 |       |       |       ||     1
       Rapier            |    65 |    58 |       |       ||   123
       Whip              |       |     1 |    87 |    66 ||   154
 Cast: Magic Dart        |    18 |    11 |     5 |     3 ||    37
       Searing Ray       |     6 |    15 |    43 |    27 ||    91
       Fulminant Prism   |       |    13 |    15 |    19 ||    47
  Use: Potion            |       |       |     1 |       ||     1
       Scroll            |       |       |       |     6 ||     6
 Stab: Sleeping          |     5 |     1 |     2 |     2 ||    10
Armor: Robe              |    22 |    45 |    42 |       ||   109
       Steam dragon scal |       |       |    19 |    28 ||    47
Dodge: Dodged            |    72 |    79 |    93 |   113 ||   357

Table legend: (Time is in decaauts)
 A = Elapsed time spent in this place.
 B = Non-inter-level travel time spent in this place.
 C = Inter-level travel time spent in this place.
 D = Time resting spent in this place.
 E = Time spent auto-exploring this place.
 F = Levels seen in this place.
 G = Mean time per level.
                   A        B        C        D        E       F      G
               +--------+--------+--------+--------+--------+-----+--------+
         Total |  11762 |  11392 |    370 |    106 |   9366 |  10 | 1176.2 |
       Dungeon |  11427 |  11109 |    318 |    106 |   9127 |   9 | 1269.7 |
        Temple |    335 |    283 |     52 |      0 |    239 |   1 |  335.0 |
               +--------+--------+--------+--------+--------+-----+--------+

Top non-repeatable levels by time:
     D:8: 1854 daAuts
     D:3: 1529 daAuts
     D:4: 1459 daAuts
     D:6: 1261 daAuts
     D:5: 1211 daAuts
     D:7: 1145 daAuts
     D:1: 1141 daAuts
     D:2: 1135 daAuts
     D:9: 689 daAuts
  Temple: 335 daAuts
